 Dungeon Crawl Stone Soup version 0.31-a0-236-g9a0961fb85 (webtiles) character file.

Game seed: 15354198648146215326

109 BubbleThief the Insei (level 4, -2/29 HPs)
             Began as an Octopode Transmuter on July 11, 2023.
             Slain by a gnoll
             ... wielding a +0 spear
              (4 damage)
             ... on level 3 of the Dungeon.
             The game lasted 00:04:29 (1779 turns).

BubbleThief the Insei (Octopode Transmuter)         Turns: 1779, Time: 00:04:30

Health: -2/29      AC:  1    Str: 11    XL:     4   Next: 90%
Magic:  4/7        EV: 13    Int: 21    God:
Gold:   129        SH:  0    Dex: 12    Spells: 4/7 levels left

rFire   . .          .
                       - Unarmed
rCold   + . .        (no shield)
rNeg    + . .        k - melded +2 hat
rPois   .            (no amulet)
rElec   .            d - ring of positive energy
rCorr   .            e - +6 ring of intelligence
SInv    .            b - ring of protection from cold
Will    .....        (no ring)
Stlth   ++           (no ring)
HPRegen 0.24/turn    (no ring)
MPRegen 0.10/turn    (no ring)
                     (no ring)

%: no passive effects
@: appendages (expiring), wereblooded
A: tentacle spike 3, almost no armour, amphibious, 8 rings, camouflage 1,
gelatinous body 1, (nimble swimmer 1), tentacles
a: End Transformation


You were on level 3 of the Dungeon.
One of your tentacles had grown a beastly spike.
You visited 1 branch of the dungeon, and saw 3 of its levels.

You collected 129 gold pieces.

Inventory:

Missiles
 j - 3 curare-tipped darts
Armour
 k - a +2 hat (melded)
Jewellery
 b - a ring of protection from cold (on tentacle)
 d - a ring of positive energy (left tentacle)
 e - a +6 ring of intelligence (right tentacle)
Scrolls
 f - a scroll of silence {unknown}
 g - a scroll of teleportation
 i - a scroll of vulnerability {unknown}
Potions
 a - a potion of lignification
 c - 2 potions of curing
 h - a potion of invisibility {unknown}
 l - a potion of mutation {unknown}
 m - a potion of heal wounds {unknown}
 n - 2 potions of haste {unknown}


   Skills:
 + Level 2.2 Fighting
 + Level 3.0 Dodging
 + Level 3.7 Unarmed Combat
 - Level 2.0 Spellcasting
 + Level 3.0 Transmutations


You had 4 spell levels left.
You knew the following spells:

 Your Spells              Type           Power      Damage    Failure   Level
a - Beastly Appendage     Tmut           28%        N/A       4%          1
b - Wereblood             Tmut           14%        N/A       6%          2

Your spell library contained the following spells:

 Spells                   Type           Power      Damage    Failure   Level
 Spider Form              Tmut/Pois      8%         N/A       24%         3
 Ice Form                 Ice/Tmut       8%         N/A       61%         4


Dungeon Overview and Level Annotations

Branches:
Dungeon (3/15)

Altars:
Yredelemnul


Innate Abilities, Weirdness & Mutations

One of your tentacles has grown a beastly spike.
You cannot wear most types of armour.
You are amphibious.
You can wear up to eight rings at the same time.
Your skin changes colour to match your surroundings (Stealth+).
Your rubbery body absorbs attacks. (AC +1, EV +1)
((You are camouflaged when in or above water. (Stealth+)))
You have tentacles for arms and can constrict up to eight enemies at once.


Message History

Casting: Beastly Appendage (safe; 4% risk of failure)
Confirm with . or Enter, or press ? or * to list all spells.
Your blood is infused with primal strength.
The hobgoblin shouts!
You feel sick. The gnoll completely misses you.
You closely miss the gnoll. Your grab misses the gnoll.
You feel sick. The gnoll hits you with a +0 whip!
Unknown command.
Okay, then.
Really quaff the potion of lignification?
Okay, then.
You tentacle-slap the gnoll. You grab the gnoll. You squeeze the gnoll.
The gnoll is severely wounded.
Your transformation is almost over.
You constrict the gnoll.
You feel sick. The gnoll hits you with a +0 whip!
* * * LOW HITPOINT WARNING * * *
Unknown command.
You tentacle-slap the gnoll.
You feel a bit better.
You kill the gnoll!
You feel sick.
Your Dodging skill increases to level 3!
Your Transmutations skill increases to level 3!
Unknown command.
Okay, then.
You feel sick.
Unknown command.
You aren't carrying any items that you can evoke.
Okay, then.
It was a potion of curing.
You feel better. The hobgoblin hits you.
The gnoll hits you from afar with a +0 spear!
* * * LOW HITPOINT WARNING * * *
You closely miss the hobgoblin. You grab the hobgoblin.
You pierce the hobgoblin.
Your tentacle-slap misses the hobgoblin.
The hobgoblin is severely wounded.
You constrict the hobgoblin, but do no damage.
The hobgoblin hits you.
* * * LOW HITPOINT WARNING * * *
The gnoll hits you from afar with a +0 spear.
You die...

.# #####
.############...##
................>#
.###..........(..#
..##.........)...#
..##.............#
..##.......#####.########
..##.......# #.........
...........# #@########
...........# #g#
.....####### #g# .....#
#.....gJg.# ##...#
#..........g. #...#
#.........#### #####
#.........# #######.#'#
.....


You could see 3 gnolls, an endoplasm and a hobgoblin.

Vanquished Creatures
  3 adders
  A gnoll (D:3)
  2 worms (D:3)
  3 dart slugs
  4 bats
  9 endoplasms
  3 giant cockroaches
  4 goblins
  2 hobgoblins (D:3)
  6 jackals (D:2)
  5 quokkas
  2 ball pythons
  4 frilled lizards
  6 kobolds
  A rat (D:3)
55 creatures vanquished.

Notes
Turn   | Place    | Note
-------+----------+-------------------------------------------
     0 | D:1      | BubbleThief the Octopode Transmuter began the quest for the
                  | Orb.
     0 | D:1      | Reached XP level 1. HP: 13/13 MP: 3/3
   208 | D:1      | Reached XP level 2. HP: 18/18 MP: 3/5
   784 | D:2      | Reached XP level 3. HP: 12/23 MP: 4/6
   888 | D:2      | Learned a level 2 spell: Wereblood
  1045 | D:2      | Reached XP level 4. HP: 29/29 MP: 5/7
  1626 | D:3      | Found a basalt altar of Yredelemnul.
  1779 | D:3      | Slain by a gnoll

Illustrated notes

Levels and vault maps discovered:
D:1:      lightli_molten_gateway, layout_rooms
D:2:      layout_basic
D:3:      layout_basic, mainiacjoe_overflow_concentric_impassable,
          minmay_quadrilaterals

Skill      XL: |  1  2  3  4 |
---------------+-------------+-----
Fighting       | 2 |  2.2
Dodging        | 3 |  3.0
Transmutations | 3 |  3.0
Unarmed Combat | |  3.7
Spellcasting   | |  2.0

Action                     |  1- 3 |  4- 6 || total
---------------------------+-------+-------++-------
  Melee: Unarmed           |    66 |    52 ||   118
         Kick              |    20 |    12 ||    32
         Tentacles         |     7 |    10 ||    17
         Constrict         |    16 |    12 ||    28
         Punch             |     1 |     1 ||     2
   Cast: Beastly Appendage |    17 |    15 ||    32
         Wereblood         |       |     2 ||     2
    Use: Scroll            |     4 |       ||     4
         Potion            |       |     1 ||     1
   Stab: Sleeping          |       |     3 ||     3
 Armour: Skin              |     8 |     2 ||    10
  Dodge: Dodged            |    31 |    18 ||    49

Table legend: (Time is in decaauts)
 A = Elapsed time spent in this place.
 B = Non-inter-level travel time spent in this place.
 C = Inter-level travel time spent in this place.
 D = Time resting spent in this place.
 E = Time spent auto-exploring this place.
 F = Levels seen in this place.
 G = Mean time per level.
                   A        B        C        D        E       F      G
               +--------+--------+--------+--------+--------+-----+--------+
         Total |   1769 |   1731 |     38 |      0 |   1325 |   3 |  589.7 |
       Dungeon |   1769 |   1731 |     38 |      0 |   1325 |   3 |  589.7 |
               +--------+--------+--------+--------+--------+-----+--------+

Top non-repeatable levels by time:
     D:2: 880 daAuts
     D:1: 521 daAuts
     D:3: 368 daAuts
